 Dungeon Crawl Stone Soup version 0.25.0-41-g26779e291d (webtiles) character file.

Game seed: 11878055686507558671

5623 Kold the Cleaver (level 11, -6/81 HPs)
             Began as a Formicid Fighter on July 10, 2020.
             Was a Follower of Makhleb.
             Mangled by a two-headed ogre
             ... wielding a +0 giant club
              (7 damage)
             ... on level 6 of the Dungeon.
             The game lasted 00:27:25 (11922 turns).

Kold the Cleaver (Formicid Fighter)                Turns: 11922, Time: 00:27:26

Health: -6/81      AC: 11    Str: 23    XL:     11   Next: 3%
Magic:  15/15      EV:  8    Int:  9    God:    Makhleb [*.....]
Gold:   316        SH: 12    Dex: 13    Spells: 10/10 levels left

rFire    . . .     SeeInvis +   E - +3 hand axe
rCold    + . .     Gourm    .   c - +0 kite shield
rNeg     . . .     Faith    .   b - +0 chain mail "Akiycs" {rElec rCorr Dex+3} (curse)
rPois    .         Spirit   .   (helmet unavailable)
rElec    +         Reflect  .   G - +0 cloak {MR+}
rCorr    +         Harm     .   (no gloves)
MR       ++...                  (no boots)
Stlth    ..........             (no amulet)
HPRegen  0.23/turn              y - ring of stealth
MPRegen  0.14/turn              p - +4 ring of slaying

@: no status effects
A: permanent stasis, dig shafts and tunnels, four strong arms, antennae 3, cold
resistance 1, high mp 1
a: Dig, Shaft Self, Renounce Religion


You were on level 6 of the Dungeon.
You worshipped Makhleb.
Makhleb was aware of your devotion.
You were not hungry.

You visited 2 branches of the dungeon, and saw 10 of its levels.
You also visited: Sewer.

You collected 459 gold pieces.
You spent 143 gold pieces at shops.

Inventory:

Hand Weapons
 a - a +0 war axe
 k - a +2 vorpal dire flail
 v - a +0 dagger of flaming
 E - a +3 hand axe (weapon)
Armour
 b - the cursed +0 chain mail "Akiycs" (worn) {rElec rCorr Dex+3}
   (You found it on level 8 of the Dungeon)

   It affects your dexterity (+3).
   It insulates you from electricity.
   It provides partial protection from all sources of acid and corrosion.
   It has a curse placed upon it.
 c - a +0 kite shield (worn)
 j - a +0 plate armour
 G - a +0 cloak of magic resistance (worn)
Jewellery
 n - an uncursed ring of protection from fire
 p - a +4 ring of slaying (right hand)
 y - a ring of stealth (left hand)
 C - an uncursed amulet of magic regeneration {unknown}
Wands
 A - a wand of disintegration (12)
 B - a wand of random effects (9)
 F - a wand of paralysis (7)
Scrolls
 e - 6 scrolls of identify
 g - 4 scrolls of remove curse {unknown}
 l - 3 scrolls of enchant weapon {unknown}
 o - a scroll of fear {unknown}
 q - a scroll of teleportation {unknown}
 t - 2 scrolls of magic mapping {unknown}
 u - a scroll of amnesia {unknown}
 w - 2 scrolls of enchant armour {unknown}
 x - 3 scrolls of blinking {unknown}
Potions
 d - a potion of might
 h - a potion of resistance {unknown}
 i - 3 potions of flight {unknown}
 r - a potion of magic {unknown}
 s - a potion of stabbing
 z - a potion of curing
Comestibles
 f - 20 rations


   Skills:
 + Level 6.2 Fighting
 * Level 11.7 Axes
 + Level 6.2 Armour
 - Level 9.0 Shields
 + Level 4.2 Invocations


You had 10 spell levels left.
You didn't know any spells.
Your spell library contained the following spells:

 Spells                   Type           Power        Failure   Level  Hunger
 Corona                   Hex            #......      95%         1    ##.....
 Ensorcelled Hibernation  Hex/Ice        #.....       99%         2    ###....
 Confusing Touch          Hex            #.......     100%        3    ####...
 Dazzling Flash           Conj/Hex       #.....       100%        3    ####...
 Tukima's Dance           Hex            #.......     100%        3    ####...


Dungeon Overview and Level Annotations

Branches:
Dungeon (9/15)             Temple (1/1) D:4           Sewer (visited)
   Lair: D:8-11         Orc: D:9-12

Altars:
Ashenzari
Cheibriados
Dithmenos
Elyvilon
Fedhas
Gozag
Hepliaklqana
Kikubaaqudgha
Makhleb
Nemelex Xobeh
Okawaru
Qazlal
Ru
Sif Muna
Trog
Uskayaw
Vehumet
Wu Jian
Xom
Yredelemnul
Zin
The Shining One
Beogh

Shops:
D:6 !

Portals:
Abyss: D:6

Annotations:
D:4 1 runed translucent door
D:6 2 transporters, Esekla's ghost, novice FoNe
D:8 3 runed translucent doors, SamuraiZach's ghost, novice TrMo
D:9 Prince Ribbit


Innate Abilities, Weirdness & Mutations

You cannot be hasted, slowed, berserked, paralysed or teleported.
You can dig through walls and to a lower floor.
Your four strong arms can wield two-handed weapons with a shield.
You have a pair of large antennae on your head. (SInv)
Your flesh is cold resistant. (rC+)
You have an increased reservoir of magic. (+10% MP)


Message History

The two-headed ogre hits you with a +0 giant club!
The two-headed ogre barely misses you.
You hit the two-headed ogre but do no damage.
The two-headed ogre is heavily wounded.
You slash the two-headed ogre!
The two-headed ogre is severely wounded.
The two-headed ogre hits you with a +0 giant club!!
The two-headed ogre hits you with a +0 giant club.
You hit the two-headed ogre.
The two-headed ogre is severely wounded.
You hit the two-headed ogre.
The two-headed ogre is almost dead.
You block the two-headed ogre's attack.
The two-headed ogre hits you with a +0 giant club!!
* * * LOW HITPOINT WARNING * * *
You feel better.
The two-headed ogre hits you with a +0 giant club!!
* * * LOW HITPOINT WARNING * * *
The two-headed ogre hits you with a +0 giant club!
You die...

......#.............##
......#..##....##...#
.....###.......###..#
..............).##.##
......#........>..########
......#.............##...#
......#...........###....#
...........#......##.##..#
........####....@..#.#...#
................O........#
............##.##.##.##.##
.#.......#..####.....##..#
##......##..##......##...#
#.......##...............#
..............#..........##
.............##...........#
.............##.......#..##


You could see a two-headed ogre.

Vanquished Creatures
  A two-headed ogre (D:8)
  Maurice (D:7)
  A hippogriff (D:8)
  A yak (D:8)
  3 hogs (D:8)
  A human (D:8)
  A hungry ghost (D:7)
  Edmund (D:4)
  2 orc warriors (D:6)
  3 necrophages
  2 phantoms
  3 ice beasts
  A sky beast (D:6)
  3 ogres
  3 centaurs
  A big kobold (Sewer)
  Blork the orc (D:5)
  2 bullfrogs
  2 scorpions
  3 killer bees
  A howler monkey (D:5)
  3 crimson imps (D:8)
  2 bullfrog zombies (D:8)
  A quasit (D:7)
  3 hounds (D:5)
  2 jellies (D:7)
  5 orc priests
  4 iguanas
  19 orc wizards
  10 worker ants
  A hound zombie (D:7)
  A howler monkey zombie (D:7)
  A worker ant zombie (D:7)
  5 adders
  A river rat (Sewer)
  2 shadow imps
  2 adder skeletons
  2 worms
  3 dart slugs
  2 leopard geckos
  34 orcs
  5 giant cockroaches
  10 goblins
  9 hobgoblins
  8 jackals
  11 kobolds
  4 quokkas
  6 bats
  6 frilled lizards (D:2)
  A giant cockroach zombie (D:5)
  A jackal zombie (D:5)
  11 rats
212 creatures vanquished.

Notes
Turn   | Place    | Note
-------+----------+-------------------------------------------
     0 | D:1      | Kold the Formicid Fighter began the quest for the Orb.
     0 | D:1      | Reached XP level 1. HP: 18/18 MP: 1/1
   135 | D:1      | Reached XP level 2. HP: 23/24 MP: 2/2
   234 | D:1      | Reached XP level 3. HP: 21/29 MP: 3/3
  1165 | D:2      | Reached skill level 3 in Axes
  1560 | D:2      | Reached XP level 4. HP: 34/35 MP: 4/4
  1717 | D:2      | Found an ancient bone altar of Kikubaaqudgha.
  2176 | D:2      | Reached skill level 5 in Shields
  2552 | D:3      | Found a glowing drain.
  2575 | D:3      | Reached XP level 5. HP: 30/41 MP: 5/5
  2684 | Sewer    | Entered a sewer
  2773 | Sewer    | Noticed a big kobold
  2851 | Sewer    | Killed a big kobold
  2851 | Sewer    | Reached skill level 4 in Axes
  2888 | Sewer    | Found a white marble altar of Elyvilon.
  3209 | D:3      | Reached XP level 6. HP: 47/47 MP: 6/6
  3613 | D:4      | Found a white marble altar of Elyvilon.
  3613 | D:4      | Found a runed translucent door.
  3613 | D:4      | Noticed an angel
  3703 | D:4      | Noticed Edmund
  3716 | D:4      | Killed Edmund
  3974 | D:4      | Reached skill level 5 in Axes
  3974 | D:4      | Reached XP level 7. HP: 43/52 MP: 7/7
  4439 | D:4      | Found a staircase to the Ecumenical Temple.
  4452 | Temple   | Entered the Ecumenical Temple
  5006 | D:5      | Entered Level 5 of the Dungeon
  5632 | D:5      | Reached skill level 6 in Axes
  5640 | D:5      | Reached XP level 8. HP: 18/58 MP: 8/8
  6148 | D:5      | Found a snail-covered altar of Cheibriados.
  6512 | D:6      | Noticed Blork the orc
  6523 | D:5      | Reached skill level 7 in Axes
  6572 | D:5      | Killed Blork the orc
  6743 | D:6      | Found Seluarux's Distillery.
  6761 | D:5      | Reached skill level 8 in Axes
  6924 | D:5      | Reached XP level 9. HP: 37/64 MP: 9/9
  7262 | D:6      | Bought a potion of mutation for 104 gold pieces
  7262 | D:6      | Bought a potion of curing for 39 gold pieces
  7262 | D:6      | Gained mutation: Your body sometimes deteriorates upon
                  | taking damage. [potion of mutation]
  7262 | D:6      | Gained mutation: You are clumsy. (Dex -2) [potion of
                  | mutation]
  7262 | D:6      | Gained mutation: You are somewhat resistant to further
                  | mutation. [potion of mutation]
  7263 | D:6      | Lost mutation: You are clumsy. (Dex -2) [potion of
                  | mutation]
  7263 | D:6      | Lost mutation: Your body sometimes deteriorates upon taking
                  | damage. [potion of mutation]
  7263 | D:6      | Lost mutation: You are somewhat resistant to further
                  | mutation. [potion of mutation]
  7263 | D:6      | Gained mutation: You have an increased reservoir of magic.
                  | (+10% MP) [potion of mutation]
  7263 | D:6      | Gained mutation: Your flesh is cold resistant. (rC+)
                  | [potion of mutation]
  7453 | D:6      | Found a transporter.
  7466 | D:6      | Found a transporter.
  7481 | D:6      | Noticed a toenail golem
  7768 | D:6      | Reached skill level 9 in Axes
  8021 | D:6      | HP: 3/64 [orc warrior/+1 mace of protection (17)]
  8177 | D:6      | Reached skill level 10 in Axes
  8714 | D:7      | Noticed a two-headed ogre
  8761 | D:6      | Found a one-way gate to the infinite horrors of the Abyss.
  8761 | D:6      | Noticed Esekla's ghost (novice FoNe)
  9009 | D:7      | Reached XP level 10. HP: 67/73 MP: 11/11
  9434 | Temple   | Became a worshipper of Makhleb the Destroyer
  9567 | D:8      | Noticed a two-headed ogre
  9616 | D:9      | Noticed Prince Ribbit
  9893 | D:8      | Found an ornate altar of the Wu Jian Council.
  9893 | D:8      | Found a blossoming altar of Fedhas.
  9893 | D:8      | Found an iron altar of Okawaru.
  9893 | D:8      | Found a hazy altar of Hepliaklqana.
  9896 | D:8      | Found a snail-covered altar of Cheibriados.
  9930 | D:9      | Reached skill level 1 in Invocations
 10284 | D:8      | Reached skill level 5 in Fighting
 10284 | D:8      | Reached skill level 5 in Armour
 10331 | D:8      | Reached skill level 11 in Axes
 10927 | D:8      | Noticed Maurice
 10981 | D:7      | Killed Maurice
 10981 | D:7      | Reached * piety under Makhleb
 11062 | D:8      | Found a runed translucent gate.
 11063 | D:8      | Found a runed translucent gate.
 11063 | D:8      | Noticed SamuraiZach's ghost (novice TrMo)
 11064 | D:8      | Found a runed translucent gate.
 11064 | D:8      | Found a roughly hewn altar of Beogh.
 11222 | D:8      | Got a faintly glowing chain mail
 11233 | D:8      | Identified the cursed +0 chain mail "Akiycs" {rElec rCorr
                  | Dex+3} (You found it on level 8 of the Dungeon)
 11681 | D:8      | Killed a two-headed ogre
 11681 | D:8      | Reached XP level 11. HP: 40/81 MP: 15/15
 11922 | D:6      | HP: 1/81 [two-headed ogre/+0 giant club (19)]
 11922 | D:6      | Mangled by a two-headed ogre

Illustrated notes

Levels and vault maps discovered:
D:1:      minmay_arrival_hallway, layout_basic, serial_bayou_lagoon_a
D:2:      layout_basic, overflow_temple_1_default
D:3:      layout_loops_ring, gup_sewer_entry_glass, kennysheep_generic_room_7
D:4:      layout_cave_pods, minmay_temple_entry_hall, first_ration,
          lemuel_angel_altar, uniq_edmund
D:5:      layout_cave_pools, basic_altar
D:6:      layout_cave_pools, gammafunk_ghost_abyssal_escape, serial_shops, shop,
          uniq_blork_the_orc
D:7:      layout_rooms
D:8:      layout_loops_ring, nicolae_overflow_hidden_temple,
          biasface_ghost_orc_armoury, grunt_livestock, uniq_maurice
D:9:      layout_long_grid, uniq_prince_ribbit1
Temple:   eino_temple_scatter_basement

Skill      XL: |  1  2  3  4  5  6  7  8  9 10 |
---------------+-------------------------------+-----
Shields        | 4 5 6 7 9 |  9.0
Axes           | 3 4 5 6 8 10 11 | 11.7
Fighting       | 4 6 |  6.2
Armour         | 4 6 |  6.2
Invocations    | 4 |  4.2

Action                   |  1- 3 |  4- 6 |  7- 9 | 10-12 || total
-------------------------+-------+-------+-------+-------++-------
Melee: War axe           |   115 |   132 |   346 |   116 ||   709
       Unarmed           |       |       |    11 |       ||    11
       Hand axe          |       |       |       |    83 ||    83
 Abil: Dig               |       |     3 |     6 |     6 ||    15
Evoke: Wand              |       |       |     6 |       ||     6
  Use: Potion            |       |       |     5 |     2 ||     7
       Scroll            |       |       |     4 |       ||     4
  Eat: Chunk             |     2 |     6 |    15 |    10 ||    33
       Ration            |       |     1 |     2 |       ||     3
Armor: Scale mail        |    41 |    40 |    58 |       ||   139
       Skin              |       |       |     3 |       ||     3
       Plate armour      |       |       |    54 |    72 ||   126
       Chain mail        |       |       |       |     2 ||     2
Dodge: Dodged            |    37 |    37 |    78 |    41 ||   193
Block: Kite shield       |    81 |    71 |   183 |    83 ||   418
